 Dungeon Crawl Stone Soup version 0.26.1-11-gd32895ea62 (webtiles) character file.

Game seed: 8433464672782779680

9993 Soul3d the Protected (level 11, -1/103 HPs)
             Began as a Deep Dwarf Fighter on June 14, 2021.
             Was an Initiate of Makhleb.
             Killed by divine providence
             ... invoked by an orc priest
              (14 damage)
             ... on level 1 of the Orcish Mines on June 15, 2021.
             The game lasted 00:31:53 (10869 turns).

Soul3d the Protected (Deep Dwarf Fighter)          Turns: 10869, Time: 00:31:54

Health: -1/103     AC: 10    Str: 22 (23) XL:     11   Next: 30%
Magic:  2/2        EV: 16    Int:  9      God:    Makhleb [......]
Gold:   634        SH: 12    Dex: 19      Spells: 10/10 levels left

rFire    . . .     SeeInvis .   q - +0 hand axe (freeze)
rCold    + . .     Faith    .   c - +0 kite shield
rNeg     . . .     Spirit   .   z - +3 leather armour of Mutualism {Dex+7}
rPois    .         Reflect  .   w - +0 helmet
rElec    .         Harm     .   t - +0 cloak
rCorr    .         Rampage  .   (no gloves)
Will     +....                  (no boots)
Stlth    +.........             (no amulet)
HPRegen  0.00/turn              i - ring of protection from cold
MPRegen  0.08/turn              (no ring)

@: non-regenerating
A: damage resistance, heal wounds, deterioration 1, sense surroundings 2, no
regeneration
a: Heal Wounds, Renounce Religion


You were on level 1 of the Orcish Mines.
You worshipped Makhleb.
Makhleb was noncommittal.
You visited 3 branches of the dungeon, and saw 12 of its levels.

You collected 738 gold pieces.
You spent 104 gold pieces at shops.

Inventory:

Hand Weapons
 q - a +0 hand axe of freezing (weapon)
 s - a +0 broad axe
Missiles
 u - 3 javelins
Armour
 c - a +0 kite shield (worn)
 t - a +0 cloak (worn)
 w - a +0 helmet (worn)
 z - the +3 leather armour of Mutualism (worn) {Dex+7}
   (You found it on level 5 of the Dungeon)

   It affects your dexterity (+7).
 B - a scarf of invisibility
Jewellery
 a - an uncursed ring of stealth
 i - a ring of protection from cold (left hand)
 k - an uncursed amulet of guardian spirit {unknown}
 y - an uncursed ring of fire
Wands
 C - a wand of enslavement (8)
 D - a wand of random effects (3)
Scrolls
 b - 4 scrolls of fear {unknown}
 e - 2 scrolls of amnesia
 f - 4 scrolls of magic mapping {unknown}
 h - 7 scrolls of remove curse
 l - a scroll of fog {unknown}
 n - a scroll of vulnerability {unknown}
 o - a scroll of enchant armour {unknown}
 r - a scroll of random uselessness {unknown}
 x - 3 scrolls of teleportation
 A - a scroll of blinking {unknown}
 F - a scroll of identify
 G - a scroll of enchant weapon {unknown}
Potions
 d - a potion of invisibility {unknown}
 g - 2 potions of mutation {unknown}
 j - 2 potions of attraction
 m - a potion of ambrosia {unknown}
 v - a potion of lignification
 E - a potion of magic


   Skills:
 - Level 7.8 Fighting
 - Level 9.1 Axes
 - Level 9.4 Armour
 + Level 7.4 Dodging
 - Level 9.4 Shields
 - Level 5.0 Evocations


You had 10 spell levels left.
You didn't know any spells.
Your spell library contained the following spells:

 Spells                   Type           Power        Failure   Level
 Animate Skeleton         Necr           0%           67%         1
 Apportation              Tloc           0%           67%         1
 Corona                   Hex            0%           67%         1
 Summon Small Mammal      Summ           0%           67%         1


Dungeon Overview and Level Annotations

Branches:
Dungeon (10/15)            Temple (1/1) D:4             Orc (1/2) D:9
   Lair: D:8-11

Altars:
Ashenzari
Cheibriados
Dithmenos
Elyvilon
Fedhas
Gozag
Hepliaklqana
Kikubaaqudgha
Makhleb
Nemelex Xobeh
Okawaru
Qazlal
Ru
Sif Muna
Trog
Uskayaw
Vehumet
Wu Jian
Xom
Yredelemnul
Zin
The Shining One

Shops:
D:9 (

Annotations:
D:6 3 runed translucent doors, exclusion: 2 downstairs, Jaiteiro's ghost, novice HaHu
D:9 1 exclusion
D:10 Maggie


Innate Abilities, Weirdness & Mutations

You are resistant to damage.
You can heal yourself by infusing magical energy.
You passively map the area around you.
You do not regenerate.
Your body sometimes deteriorates upon taking damage.


Message History

Found a stone staircase leading down.
There is a staircase back to the Dungeon here.
Unknown command.
Aiming: Random Effects
Press: ? - help, Shift-Dir - straight line, f - orc priest
Aim: an orc priest, wielding a +0 falchion The puff of flame hits the orc priest!
The orc priest is almost dead.
You hear a shout! x3
An orc comes into view. It is wielding a +0 hand axe.
An orc comes into view. It is wielding a +0 mace.
An orc wizard comes into view. It is wielding a -3 dagger.
The orc priest mumbles some strange prayers to Beogh against you.
Beogh smites you!
* * * LOW HITPOINT WARNING * * *
An orc warrior comes into view. It is wielding a +0 war axe.
The orc shouts!
The orc priest invokes the aid of Beogh against you.
Beogh smites you!
You die...

, * , ,, * *, * * ,
o..... ##+ *
......* , ... *
o.....# ,,,_...* *
......$## o...# , ,
........##...## ,
,...............,**
*, ,
..o....$....... , ,
.oo....@>o..... , ,
..o.o.........., *
, ...o$.#....ooo. ,
, #####.......... ,
, # .......o.,,
.......#$.,, ,* * ,
........ o ,
##.....#..,, ,, , ,
* , ,


You could see 5 orc warriors, an orc priest, 2 orc wizards and 7 orcs.

Vanquished Creatures
  Harold (D:7)
  A two-headed ogre (D:7)
  Pikel (D:6)
  A harpy (D:9)
  A deep elf mage (D:8)
  A manticore (D:8)
  Joseph (D:7)
  A gargoyle (D:10)
  4 komodo dragons
  Prince Ribbit (D:6)
  2 wyverns
  Eustachio (D:6)
  2 humans (D:7)
  Duvessa (D:7)
  A water moccasin (D:9)
  2 ice beasts
  2 orc warriors
  A swamp drake (D:10)
  2 phantoms
  2 sky beasts
  2 ogres
  A black bear (D:6)
  2 centaurs (D:7)
  3 bullfrogs
  A big kobold (D:10)
  A gnoll sergeant (D:6)
  A wyvern zombie (D:8)
  Dowan (D:7)
  A scorpion (D:9)
  5 killer bees
  2 water moccasin skeletons (D:9)
  3 howler monkeys
  11 wights
  A quasit (D:10)
  2 hounds (D:9)
  8 orc priests
  Crazy Yiuf (D:3)
  5 jellies
  Jessica (D:2)
  A bullfrog skeleton (D:8)
  13 orc wizards
  9 worker ants
  3 iguanas
  9 gnolls
  14 adders
  2 shadow imps
  3 white imps
  2 ufetubi
  2 oozes
  An adder skeleton (D:9)
  5 worms
  A dart slug (D:9)
  6 leopard geckos
  61 orcs
  A ball python (D:5)
  3 goblins
  7 hobgoblins
  2 jackals (D:3)
  A quokka (D:5)
  14 bats
  10 frilled lizards
  8 kobolds
  A leopard gecko zombie (D:5)
  A quokka skeleton (D:7)
  2 quokka zombies
  12 rats
275 creatures vanquished.

Vanquished Creatures (others)
  4 plants (D:3)
4 creatures vanquished.

Grand Total: 279 creatures vanquished

Notes
Turn   | Place    | Note
-------+----------+-------------------------------------------
     0 | D:1      | Soul3d the Deep Dwarf Fighter began the quest for the Orb.
     0 | D:1      | Reached XP level 1. HP: 20/20 MP: 1/1
   226 | D:1      | Reached XP level 2. HP: 18/27 MP: 2/2
   757 | D:2      | Found a bloodstained altar of Trog.
   841 | D:2      | Noticed Jessica
   843 | D:2      | Killed Jessica
   844 | D:2      | Reached XP level 3. HP: 22/34 MP: 3/3
   855 | D:2      | Found a snail-covered altar of Cheibriados.
  1420 | D:3      | Reached XP level 4. HP: 27/42 MP: 4/4
  2014 | D:3      | Found an ancient bone altar of Kikubaaqudgha.
  2190 | D:3      | Reached XP level 5. HP: 21/49 MP: 5/5
  2335 | D:3      | Found a runed translucent door.
  2335 | D:3      | Noticed Crazy Yiuf
  2342 | D:3      | Killed Crazy Yiuf
  2398 | D:3      | Found a sacrificial altar of Ru.
  2770 | D:4      | Reached skill level 1 in Evocations
  2966 | D:4      | Reached XP level 6. HP: 43/56 MP: 5/5
  3261 | D:4      | Reached skill level 5 in Evocations
  3476 | D:4      | Found a staircase to the Ecumenical Temple.
  3483 | Temple   | Entered the Ecumenical Temple
  3575 | D:5      | Entered Level 5 of the Dungeon
  3737 | D:5      | Reached XP level 7. HP: 41/63 MP: 6/6
  4225 | D:5      | Found a sparkling altar of Nemelex Xobeh.
  4306 | D:5      | Reached skill level 5 in Armour
  4306 | D:5      | Reached skill level 5 in Shields
  4460 | D:5      | Got a smouldering leather armour
  4471 | D:5      | Identified the +3 leather armour of Mutualism {Dex+7} (You
                  | found it on level 5 of the Dungeon)
  4878 | D:6      | Noticed Pikel
  4895 | D:6      | Found a runed translucent gate.
  4895 | D:6      | Found a runed translucent gate.
  4896 | D:6      | Found a runed translucent gate.
  4950 | D:6      | Killed Pikel
  4951 | D:6      | Reached skill level 5 in Axes
  4951 | D:6      | Reached XP level 8. HP: 25/73 MP: 6/6
  4978 | D:6      | Reached skill level 5 in Fighting
  5010 | D:6      | Noticed Jaiteiro's ghost (novice HaHu)
  5035 | D:6      | Noticed Eustachio
  5101 | D:6      | Killed Eustachio
  5143 | D:6      | Found a glowing silver altar of Zin.
  5385 | D:6      | Noticed Prince Ribbit
  5389 | D:6      | Killed Prince Ribbit
  5678 | D:7      | Noticed Harold
  5715 | D:7      | Killed Harold
  5716 | D:7      | Gained mutation: You passively map the area around you.
                  | [Deep Dwarf growth]
  5716 | D:7      | Reached XP level 9. HP: 33/81 MP: 6/6
  5749 | D:7      | Noticed Joseph
  6051 | D:7      | Noticed a two-headed ogre
  6053 | D:7      | Noticed Duvessa
  6054 | D:7      | Noticed Dowan
  6221 | D:7      | Killed a two-headed ogre
  6345 | D:7      | Killed Joseph
  6346 | D:7      | Reached XP level 10. HP: 41/92 MP: 7/7
  6409 | D:7      | Found a sparkling altar of Nemelex Xobeh.
  6603 | D:7      | Found an iron altar of Okawaru.
  6819 | D:7      | Killed Duvessa
  6825 | D:7      | Killed Dowan
  7178 | D:8      | Noticed a manticore
  7735 | D:8      | Killed a manticore
  7945 | D:8      | Found a blossoming altar of Fedhas.
  8279 | D:8      | Noticed a deep elf mage
  8354 | D:8      | Gained mutation: Your body sometimes deteriorates upon
                  | taking damage. [a neqoxec]
  8355 | D:8      | Killed a deep elf mage
  8696 | D:9      | Noticed a harpy
  8696 | D:9      | a wyvern changed into a harpy
  8782 | D:9      | Killed a harpy
  8879 | D:9      | Found a staircase to the Orcish Mines.
  8996 | D:9      | Reached XP level 11. HP: 42/102 MP: 5/5
  9181 | D:9      | Found Aquf's Antique Weapon Shoppe.
  9192 | D:9      | Bought a broad axe for 104 gold pieces
  9319 | D:9      | Found a burning altar of Makhleb.
  9359 | D:9      | Became a worshipper of Makhleb the Destroyer
  9714 | D:10     | Entered Level 10 of the Dungeon
 10705 | D:10     | HP: 4/103 [gargoyle/+0 mace (12)]
 10821 | D:10     | Noticed Maggie
 10867 | Orc:1    | Entered Level 1 of the Orcish Mines
 10867 | Orc:1    | Found a bloodstained altar of Trog.
 10869 | Orc:1    | Killed from afar by an orc priest

Illustrated notes

Levels and vault maps discovered:
D:1:      sevenhm_arrival_forest_fort_large_2, layout_basic
D:2:      layout_basic, lemuel_crystal_altar, lightli_temple_of_fire,
          uniq_jessica
D:3:      layout_basic, nicolae_overflow_crystal_walls,
          nicolae_ru_the_path_less_chosen, roderic_batcave, minmay_lizard_king,
          uniq_crazy_yiuf_cottage
D:4:      layout_loops_corners, minmay_temple_entry_nine_rooms
D:5:      layout_loops_corners, nemelex_lonely_heart_becter
D:6:      layout_loops_ring, lemuel_crystal_altar, gammafunk_ghost_necromancy,
          uniq_prince_ribbit1, uniq_pikel, uniq_eustachio
D:7:      layout_rooms, okawaru_humans, nemelex_xobeh_ov_fountains_minmay,
          uniq_duvessa, uniq_harold, uniq_joseph
D:8:      layout_cave_pools, old_standard_altar, serial_column_ruins,
          column_ruins_hut_pillars, column_ruins_hut, column_ruins_grid_1,
          column_ruins_corridor_straight, column_ruins_columns_T,
          column_ruins_grid_3, column_ruins_open_small, column_ruins_open_tiny,
          column_ruins_open_tiny, minmay_stone_trees_small, minmay_manual_mullet
D:9:      layout_roguey, makhleb_heckhound_becter, hiddenorc2_lemuel,
          serial_shops, shop, enter_bailey_4
D:10:     layout_basic, erik_lair_dragon, uniq_maggie
Temple:   cyrus_circular_temple
Orc:1:    layout_caves, special_room [special_room_orc], serial_shops,
          nicolae_shop_waterfront, trog_butcher_becter

Skill      XL: |  1  2  3  4  5  6  7  8  9 10 11 |
---------------+----------------------------------+-----
Fighting       | 3 4 5 6 7 |  7.8
Axes           | 3 4 5 6 7 8 9 |  9.1
Shields        | 4 6 7 9 |  9.4
Armour         | 4 6 7 9 |  9.4
Evocations     | 3 5 |  5.0
Dodging        | 6 7 |  7.4

Action                   |  1- 3 |  4- 6 |  7- 9 | 10-12 || total
-------------------------+-------+-------+-------+-------++-------
Melee: War axe           |    70 |    31 |       |     8 ||   109
       Hand axe          |       |   197 |   288 |   742 ||  1227
       Broad axe         |       |       |       |    23 ||    23
Throw: Javelin           |       |     1 |       |       ||     1
 Abil: Heal Wounds       |       |     2 |    11 |    24 ||    37
Evoke: Wand              |       |       |    32 |    34 ||    66
  Use: Potion            |     1 |     2 |     5 |    14 ||    22
       Scroll            |       |     1 |     6 |     5 ||    12
 Stab: Sleeping          |       |       |       |     1 ||     1
Armor: Scale mail        |    32 |    98 |    30 |       ||   160
       Leather armour    |       |       |    67 |   109 ||   176
       Skin              |       |       |       |    20 ||    20
Dodge: Dodged            |    20 |    78 |   150 |   323 ||   571
Block: Kite shield       |    51 |   129 |   180 |   428 ||   788
